Unix NetHack Version 5.0.0-0 post-release - last build Jun 10 2026 00:39:30 (3ee93aec679c4c4259841fe613dc97188e26a321,branch:main).

Game began 2026-07-10 04:31:35, ended 2026-07-10 04:59:23.

BATTLEMODE, chaotic female elven Wizard

                                                     ----------         #
                                                    #.........|     ----.---
                                                   ##|........|     |......|
                                       ##############.........|     |......|
                                       ###  #     @  --%-------     |......|
                                  -------.-----   #    #####        |.....%|
                                  |.......*...|  ##        ##      #-......|
                                  +...^.......|             ##     #------.-
                                  |.......%...|              #     #    ###
                                  |<...........              #     #    #
                                  -------------          ----.--####    #
                                                         |.....|#       #
                                                         |.....|#    ---.--
                                                         |......#    |....|
                                                         -------     |....|
                                                                     |....|
                                                                     ------

BATTLEMODE the Conjurer   St:9 Dx:15 Co:15 In:20 Wi:11 Ch:8  Chaotic
Dlvl:5  $:85 HP:0(23) Pw:10(42) AC:9  Xp:4 T:1816  Stone

Latest messages:
 Everything suddenly goes dark.
 You finish eating the food ration.
 The '5' prefix should be followed by a movement command.
 You can see again.
 The giant bat bites!
 The giant bat bites!
 You hit the giant bat!
 The giant bat bites!
 The giant bat bites!
 In what direction? 9
 The spell hits the giant bat!
 You kill the giant bat!
 In what direction? s
 You feel better.
 You see here a giant bat corpse.
 There is a giant bat corpse here; eat it? [ynq] (n) y
 Blecch!  Rotten food!
 The world spins and goes dark.
 You are conscious again.
 You hear the footsteps of a guard on patrol.
 You hit the fox.
 The fox bites!
 The fox bites!
 You kill the fox!
 There is a fox corpse here; eat it? [ynq] (n) y
 Blecch!  Rotten food!
 Everything suddenly goes dark.
 You finish eating the fox corpse.
 You hear a door open.
 You can see again.
 In what direction? 4
 The spell misses the chickatrice.
 The chickatrice bites!
 The chickatrice touches you!
 The chickatrice bites!
 The chickatrice touches you!
 You hear the chickatrice's hissing!
 You are slowing down.
 In what direction? 1
 The spell hits the chickatrice!
 The chickatrice resists!
 Your limbs are stiffening.
 Your limbs have turned to stone.
 You have turned to stone.
 You are a statue.
 Do you want your possessions identified? [ynq] (y) y
 Do you want to see your attributes? [ynq] (y) y
 Do you want an account of creatures vanquished? [ynaq] (y) y
 Do you want to see your conduct and achievements? [ynq] (y) y
 Do you want to see the dungeon overview? [ynq] (y) y

Inventory:
 Coins    ('$')
  $ - 85 gold pieces
 Weapons  (')')
  a - a blessed +2 quarterstaff (weapon in hands)
 Armor    ('[')
  b - a blessed +0 cloak of magic resistance (being worn)
  J - an uncursed +2 elven cloak
 Comestibles  ('%')
  y - an uncursed food ration
  K - 4 cursed lembas wafers
  C - an uncursed egg
 Scrolls  ('?')
  E - an uncursed scroll of create monster
  V - an uncursed scroll of destroy armor
  L - a cursed scroll of identify
  j - an uncursed scroll of light
  x - a blessed scroll of stinking cloud
  v - a blessed scroll of teleportation
 Spellbooks  ('+')
  l - a blessed spellbook of force bolt
  m - an uncursed spellbook of healing
 Potions  ('!')
  f - an uncursed potion of booze
  N - a cursed potion of enlightenment
  D - an uncursed potion of extra healing named Uncursed
  B - an uncursed potion of fruit juice named Uncursed
  O - a cursed potion of object detection
  W - a blessed potion of sleeping
  h - a potion of holy water
 Rings    ('=')
  z - an uncursed ring of aggravate monster named Uncursed (on left hand)
  d - an uncursed ring of poison resistance (on right hand)
  e - an uncursed ring of teleportation
 Wands    ('/')
  c - a wand of secret door detection (0:13)
  P - a cursed wand of speed monster (0:4)
 Tools    ('(')
  p - an uncursed bell
  o - an uncursed blindfold
  T - a can of grease (0:19)
  U - an uncursed lock pick
  n - a magic marker (0:20)
 Gems/Stones  ('*')
  S - an uncursed worthless piece of red glass

BATTLEMODE the Wizard's attributes:

Background:
 You were a Conjurer, a level 4 female elven Wizard.
 You were chaotic, on a mission for Anhur
 who was opposed by Ptah (lawful) and Thoth (neutral).
 You were right-handed.
 You were in the Dungeons of Doom, on level 5.
 You entered the dungeon 1816 turns ago.
 It was nighttime.
 You had 137 experience points, 23 more were needed to attain level 5.

Basics:
 You had 0 out of 23 hit points.
 You had 10 out of 42 energy points (spell power).
 Your armor class was 9.
 Your wallet contained 85 zorkmids.
 Autopickup was off.

Final Characteristics:
 Your strength was 9 (limit:18).
 Your dexterity was 15 (limit:18).
 Your constitution was 15 (limit:16).
 Your intelligence was 20 (limit:20).
 Your wisdom was 11 (limit:20).
 Your charisma was 8 (limit:18).

Final Status:
 You turned into stone.
 You weren't hungry.
 You were unencumbered.
 You were wielding a quarterstaff.
 You had basic skill with quarterstaff.

Final Attributes:
 You were devoutly aligned.
 You were magic-protected.
 You were sleep resistant.
 You were poison resistant.
 You had infravision.
 You aggravated monsters.
 You were warded.
 You are dead.

Miscellaneous:
 You encountered 1 bones level.
 Total elapsed playing time was 27 minutes and 46 seconds.

Major events:
 Turn
    1: BATTLEMODE the chaotic female elven Wizard entered the dungeon
 1172: attained the rank of Conjurer (level 3)
 1816: petrified by a chickatrice

Spells:
 Name                 Level Category     Fail Retention
 force bolt             1   attack         0%  91%-100%
 healing                1   healing        0%  76%-100%

Skills:
 Fighting Skills
   bare handed combat [Unskilled]
   riding             [Unskilled]
 Weapon Skills
   dagger             [Unskilled]
   knife              [Unskilled]
   axe                [Unskilled]
   short sword        [Unskilled]
   club               [Unskilled]
   mace               [Unskilled]
   quarterstaff       [Basic]
   polearms           [Unskilled]
   spear              [Unskilled]
   trident            [Unskilled]
   sling              [Unskilled]
   dart               [Unskilled]
   shuriken           [Unskilled]
 Spellcasting Skills
   attack spells      [Basic]
   healing spells     [Unskilled]
   divination spells  [Unskilled]
   enchantment spells [Basic]
   clerical spells    [Unskilled]
   escape spells      [Unskilled]
   matter spells      [Unskilled]

Voluntary challenges:
 Character rerolling was not enabled.
 You never genocided any monsters.
 You never polymorphed an object.
 You never changed form.
 You used no wishes.
Achievements:
 You entered a shop.
 You attained the rank of Conjurer.

 The Dungeons of Doom: levels 1 to 5
    Level 1:
    Level 2: "Armor Shop"
       An armor shop, an altar to Anhur.
    Level 3:
       A general store, a fountain.
    Level 4:
       Final resting place for
          h2g2-Ran-Elf-Fem-Cha, killed by a giant rat.
    Level 5: <- You were here.
       Final resting place for
          you, petrified by a chickatrice.


Vanquished creatures:
  a straw golem
  a paper golem
  a little dog
  a floating eye
  a kobold shaman
  2 giant bats
  2 acid blobs
  2 giant rats
  a cave spider
  2 geckos
  4 jackals
  a fox
  a goblin
  3 grid bugs
  3 lichens
  a kobold zombie
  4 newts
31 creatures vanquished.

No species were genocided or became extinct.

Game over:
                       ----------
                      /          \
                     /    REST    \
                    /      IN      \
                   /     PEACE      \
                  /                  \
                  |    BATTLEMODE    |
                  |      85 Au       |
                  |  petrified by a  |
                  |   chickatrice    |
                  |                  |
                  |                  |
                  |       2026       |
                 *|     *  *  *      | *
        _________)/\\_//(\/(/\)/\//\/|_)_______

Goodbye BATTLEMODE the Wizard...

You turned to stone in The Dungeons of Doom on dungeon level 5 with 835 points,
and 85 pieces of gold, after 1816 moves.
You were level 4 with a maximum of 23 hit points when you turned to stone.

